 Dungeon Crawl Stone Soup version 0.31-a0-538-gbc85326fa9 (webtiles) character file.

Game seed: 646000867126388969

44 HallandMoats the Trooper (level 3, 0/30 HPs)
             Began as a Demonspawn Fighter on Aug 14, 2023.
             Slain by Natasha (8 damage)
             ... on level 2 of the Dungeon.
             The game lasted 00:01:32 (749 turns).

HallandMoats the Trooper (Demonspawn Fighter)        Turns: 749, Time: 00:01:34

Health: 0/30       AC: 10    Str: 18    XL:     3   Next: 41%
Magic:  5/5        EV:  9    Int:  9    God:
Gold:   83         SH:  4    Dex: 12    Spells: 2/2 levels left

rFire   . . .        a - +0 war axe
rCold   . . .        c - +0 buckler
rNeg    . . .        b - +0 scale mail
rPois   .            (helmet restricted)
rElec   .            (no cloak)
rCorr   .            (no gloves)
SInv    .            (no boots)
Will    .....        (no amulet) Stlth
                     f - +4 ring of protection
HPRegen 0.25/turn    (no ring)
MPRegen 0.09/turn

%: no passive effects
@: no status effects
A: antennae 1
a: no special abilities


You were on level 2 of the Dungeon.
You visited 1 branch of the dungeon, and saw 2 of its levels.

You collected 83 gold pieces.

Inventory:

Hand Weapons
 a - a +0 war axe (weapon)
Armour
 b - a +0 scale mail (worn)
 c - a +0 buckler (worn)
Jewellery
 f - a +4 ring of protection (left hand)
Scrolls
 e - a scroll of vulnerability {unknown}
 g - 2 scrolls of torment {unknown}
 h - a scroll of enchant weapon {unknown}
 i - a scroll of noise {unknown}
Potions
 d - a potion of might


   Skills:
 + Level 3.8 Fighting
 - Level 1.7 Axes
 - Level 2.6 Armour
 - Level 2.6 Shields
 + Level 2.9 Invocations


You had 2 spell levels left.
You didn't know any spells.
Your spell library contained the following spells:

 Spells                   Type           Power      Damage    Failure   Level
 Ensorcelled Hibernation  Hex/Ice        0%         N/A       94%         2
 Passwall                 Tmut/Erth      0%         N/A       94%         2
 Swiftness                Air            0%         N/A       99%         3


Dungeon Overview and Level Annotations

Branches:
Dungeon (2/15)

Altars:

Annotations:
D:2 Natasha


Innate Abilities, Weirdness & Mutations

You have a pair of small antennae on your head.


Message History

You barely miss Natasha. You barely miss the adder.
You feel sick. The adder bites you.
The cerulean imp hits you but does no damage.
Natasha casts a spell at you. The magic dart hits you!
The adder bites you but does no damage.
The cerulean imp hits you but does no damage.
Unknown command.
You hit Natasha.
Natasha is moderately wounded.
You hit the adder.
You feel sick.
You are no longer poisoned.
The adder bites you but does no damage. You block Natasha's attack.
The cerulean imp closely misses you. The adder closely misses you.
Natasha claws you but does no damage.
You barely miss Natasha.
Natasha is moderately wounded.
You closely miss the adder. The adder bites you but does no damage.
The cerulean imp misses you. Natasha claws you but does no damage.
You block the adder's attack. You block the cerulean imp's attack.
Unknown command.
You hit Natasha.
Natasha is heavily wounded.
You completely miss the adder. The adder bites you but does no damage.
Natasha closely misses you. The cerulean imp barely misses you.
The adder barely misses you. Natasha claws you but does no damage.
Unknown command.
You barely miss Natasha.
Natasha is heavily wounded.
You closely miss the adder.
The cerulean imp hits you but does no damage.
The adder barely misses you. Natasha claws you.
* * * LOW HITPOINT WARNING * * *
The cerulean imp hits you but does no damage.
The adder bites you but does no damage.
You closely miss Natasha.
Natasha is heavily wounded.
You miss the adder. Natasha closely misses you. The adder barely misses you.
The cerulean imp hits you but does no damage.
Natasha claws you!
You die...

#..........#
.......... ##
#........
...#.......
.[......
#...r5,
#.KSh## #@.#
##.#####
#......#
#......#
#......#
#####'###
###...#
#.....##
#......#####.#


You could see Natasha, a cerulean imp (summoned), an adder, a quokka and a
kobold.

Vanquished Creatures
  A gnoll (D:1)
  4 bats (D:1)
  3 endoplasms (D:1)
  4 giant cockroaches (D:1)
  4 goblins
  3 hobgoblins (D:1)
  A quokka (D:1)
  A ball python (D:1)
  4 kobolds
  6 rats
31 creatures vanquished.

Notes
Turn   | Place    | Note
-------+----------+-------------------------------------------
     0 | D:1      | HallandMoats the Demonspawn Fighter began the quest for the
                  | Orb.
     0 | D:1      | Reached XP level 1. HP: 18/18 MP: 1/1
     6 | D:1      | Noticed a killer bee
     6 | D:1      | Noticed a black bear
     6 | D:1      | Noticed a swamp worm
     7 | D:1      | Noticed an iguana
     7 | D:1      | Noticed a hog
    59 | D:1      | Reached skill level 1 in Invocations
    59 | D:1      | Gained mutation: You have a pair of small antennae on your
                  | head. [demonic ancestry]
    59 | D:1      | Reached XP level 2. HP: 18/24 MP: 1/3
   259 | D:1      | Reached XP level 3. HP: 27/29 MP: 4/4
   739 | D:2      | Noticed Natasha
   749 | D:2      | Slain by Natasha

Illustrated notes

Levels and vault maps discovered:
D:1:      onia_arrival_zoo_common, layout_basic
D:2:      layout_basic, uniq_natasha

Skill      XL: |  1  2 |
---------------+-------+-----
Invocations    | 1 2 |  2.9
Fighting       | |  3.8
Axes           | |  1.7
Armour         | |  2.6
Shields        | |  2.6

Action                     || total
---------------------------++-------
  Melee: War axe           ||    96
 Armour: Scale mail        ||    92
  Dodge: Dodged            ||    77
  Block: Buckler           ||    30

Table legend: (Time is in decaauts)
 A = Elapsed time spent in this place.
 B = Non-inter-level travel time spent in this place.
 C = Inter-level travel time spent in this place.
 D = Time resting spent in this place.
 E = Time spent auto-exploring this place.
 F = Levels seen in this place.
 G = Mean time per level.
                   A        B        C        D        E       F      G
               +--------+--------+--------+--------+--------+-----+--------+
         Total |    791 |    765 |     26 |     22 |    449 |   2 |  395.5 |
       Dungeon |    791 |    765 |     26 |     22 |    449 |   2 |  395.5 |
               +--------+--------+--------+--------+--------+-----+--------+

Top non-repeatable levels by time:
     D:1: 735 daAuts
     D:2: 56 daAuts
